 Dungeon Sprint DCSS version 0.30.1-4-g462c640d31 (webtiles) character file.

Game seed: 95465512525002477

4973 Heoruswealwe the Brawler (level 10, -1/109 (110) HPs)
             Began as a Troll Berserker on Sept 5, 2023.
             Was the Champion of Trog.
             Slain by Sonja
             ... wielding a +3 short sword of venom
              (4 damage)
             ... in the Dungeon (Sprint I: "Red Sonja").
             The game lasted 00:15:39 (826 turns).

Heoruswealwe the Brawler (Troll Berserker)           Turns: 826, Time: 00:15:40

HP:   -1/109 (110)  AC:  9    Str: 31    XL:     10   Next: 28%
MP:   16/16         EV: 12    Int:  3    God:    Trog [******]
Gold: 305           SH:  0    Dex:  9    Spells: 9/9 levels left

rFire   . .          .
                       - Unarmed
rCold   + + +        (no shield)
rNeg    . . .        a - +4 skin of Zhor {*Englaciate rC+++ SInv}
rPois   .            (helmet restricted)
rElec   .            b - +0 cloak
rCorr   .            (gloves unavailable)
SInv    +            (boots unavailable)
Will    .....        (no amulet)
Stlth   +            (no ring)
HPRegen 1.18/turn    (no ring)
MPRegen 0.15/turn

%: no teleportation
@: lethally poisoned (-1 -> -25), slowed, lightly drained, very slow
A: large, unfitting armour, claws 3, regeneration 1, shaggy fur 1, tough skin 1
a: Renounce Religion, Berserk, Trog's Hand, Brothers in Arms


You were in the Dungeon.
You worshipped Trog.
Trog was exalted by your worship.
You visited 1 branch You collected 1448 gold pieces.
You spent 1143 gold pieces at shops.

Inventory:

Armour
 a - the +4 skin of Zhor (worn) {*Englaciate rC+++ SInv}
   (You bought it in a shop in the Dungeon)

   *Englaciate: It radiates cold, occasionally slowing all nearby creatures who
   are not resistant to cold.
   rC:        It renders you almost immune to cold.
   SInv:      It lets you see invisible.
 b - a +0 cloak (worn)
Wands
 h - a wand of digging (4)
Scrolls
 d - a scroll of acquirement
 g - a scroll of blinking
 i - a scroll of silence
 u - a scroll of magic mapping {unknown}
 w - a scroll of torment {unknown}
Potions
 n - a potion of mutation {unknown}
 o - a potion of ambrosia {unknown}
 q - a potion of might {unknown}
 r - a potion of invisibility {unknown}
 s - a potion of degeneration {unknown}
 t - 2 potions of attraction {unknown}
 v - a potion of lignification {unknown}


   Skills:
 + Level 9.8 Fighting
 + Level 9.8 Dodging
 * Level 15.7 Unarmed Combat
 + Level 10.2 Invocations


You had 9 spell levels left.
You didn't know any spells.
Your spell library was empty.

Dungeon Overview and Level Annotations

Branches:
Dungeon (1/1)

Altars:
Cheibriados
Dithmenos
Elyvilon
Fedhas
Gozag
Hepliaklqana
Kikubaaqudgha
Makhleb
Nemelex Xobeh
Okawaru
Qazlal
Ru
Sif Muna
Trog
Uskayaw
Vehumet
Wu Jian
Xom
Yredelemnul
Zin
The Shining One
Jiyva
Lugonu

Shops:
D !([([***([?=*[[*

Annotations:
D Sonja


Innate Abilities, Weirdness & Mutations

You are too large for most types of armour.
You have claws for hands.
Your natural rate of healing is unusually fast.
You are covered in fur. (AC +1)
You have tough skin. (AC +1)


Message History

Sonja hits you with a +3 short sword of venom.
You are more poisoned.
Sonja closely misses you.
Sonja hits you with a +3 short sword of venom.
* * * LOW HITPOINT WARNING * * *
You are lethally poisoned!
Sonja barely misses you.
You feel better. Sonja hits you but does no damage.
You are poisoned.
Sonja hits you with a +3 short sword of venom.
You are more poisoned.
Sonja hits you but does no damage.
You are more poisoned.
You barely miss Sonja.
You feel extremely sick.
Sonja hits you with a +3 short sword of venom.
* * * LOW HITPOINT WARNING * * *
You are more poisoned.
Sonja barely misses you. Sonja hits you but does no damage.
You completely miss Sonja.
You feel extremely sick.
Sonja closely misses you. x2; Sonja hits you but does no damage.
You feel better.
You radiate an aura of cold.
Sonja seems to slow down.
Sonja hits you with a +3 short sword of venom!
* * * LOW HITPOINT WARNING * * *
You are poisoned.
Sonja completely misses you.
Sonja hits you with a +3 short sword of venom.
* * * LOW HITPOINT WARNING * * *
You miss Sonja.
You feel very sick.
Sonja twirls her cape.
Sonja hits you with a +3 short sword of venom.
* * * LOW HITPOINT WARNING * * *
You are lethally poisoned!
Sonja hits you with a +3 short sword of venom.
* * * LOW HITPOINT WARNING * * *
You are more poisoned.
Sonja hits you with a +3 short sword of venom.
You die...

#####'#####'#__####...+
####..#...#)####§)#####
#__####..##(#~§~.§#..#
#_____##'#_.+§~~§.+..#
#_.∩...'..._#~~~§.#..#
#_..__##_.#'##+#####'###
#_____###+#.#..[.###.+.#
#########.####'###[###.#
+$.$'....@K.∩##.#
#$.$###.#######.# ##.#
#.......##.# #+
#........+.#
#'..######§#
#.÷...÷..#§#
######..÷....#+§#
#(????).....~####
#[!........~~#


You could see Sonja (slow).

Vanquished Creatures
  2 centaur warriors (D)
  A deep troll (D)
  An oklob plant (D)
  2 unseen horrors (D)
  2 kobold demonologists (D)
  A hornet (D)
  A slime creature (D)
  Sigmund (D)
  A yak (D)
  2 redbacks (D)
  2 floating eyes (D)
  An ogre (D)
  7 necrophages (D)
  8 jellies (D)
  Ijyb (D)
33 creatures vanquished.

Notes
Turn   | Place    | Note
-------+----------+-------------------------------------------
     0 | D        | Heoruswealwe the Troll Berserker began the quest for the
                  | Orb.
     0 | D        | Reached XP level 1. HP: 22/22 MP: 0/0
     1 | D        | Noticed Ijyb
     4 | D        | Killed Ijyb
     5 | D        | Reached skill level 4 in Unarmed Combat
     5 | D        | Reached XP level 2. HP: 31/31 MP: 0/2
    30 | D        | Noticed an ogre
    34 | D        | Killed an ogre
    35 | D        | Reached skill level 6 in Unarmed Combat
    35 | D        | Reached XP level 3. HP: 27/39 MP: 2/4
    35 | D        | Reached XP level 4. HP: 33/48 MP: 2/5
    69 | D        | Noticed Sigmund
    82 | D        | Killed Sigmund
    82 | D        | Reached ** piety under Trog
    83 | D        | Reached skill level 5 in Fighting
    83 | D        | Reached skill level 5 in Dodging
    83 | D        | Reached skill level 8 in Unarmed Combat
    83 | D        | Reached XP level 5. HP: 46/57 MP: 5/7
    94 | D        | Found an ornate altar of the Wu Jian Council.
    94 | D        | Found a shimmering blue altar of Sif Muna.
    96 | D        | Found a radiant altar of Vehumet.
   100 | D        | Reached skill level 5 in Invocations
   100 | D        | Reached XP level 6. HP: 56/66 MP: 6/8
   130 | D        | Found Bedy's Distillery.
   130 | D        | Found an ancient bone altar of Kikubaaqudgha.
   130 | D        | Found a hazy altar of Hepliaklqana.
   130 | D        | Found a stormy altar of Qazlal.
   130 | D        | Found a hide-covered altar of Uskayaw.
   130 | D        | Found a blossoming altar of Fedhas.
   130 | D        | Found a bloodstained altar of Trog.
   130 | D        | Found an iron altar of Okawaru.
   130 | D        | Found a basalt altar of Yredelemnul.
   130 | D        | Found a glowing golden altar of the Shining One.
   130 | D        | Found a snail-covered altar of Cheibriados.
   130 | D        | Found a sacrificial altar of Ru.
   130 | D        | Found a glowing silver altar of Zin.
   130 | D        | Found a shadowy altar of Dithmenos.
   130 | D        | Found a white marble altar of Elyvilon.
   130 | D        | Noticed a yak
   132 | D        | Killed a yak
   133 | D        | Reached skill level 9 in Unarmed Combat
   133 | D        | Found an opulent altar of Gozag.
   134 | D        | Found a sparkling altar of Nemelex Xobeh.
   149 | D        | Found a burning altar of Makhleb.
   149 | D        | Found a viscous altar of Jiyva.
   149 | D        | Found a shimmering altar of Xom.
   149 | D        | Found a corrupted altar of Lugonu.
   149 | D        | Noticed a slime creature
   155 | D        | Killed a slime creature
   155 | D        | Reached *** piety under Trog
   156 | D        | Reached skill level 10 in Unarmed Combat
   156 | D        | Reached XP level 7. HP: 54/76 MP: 10/10
   176 | D        | Noticed a kobold demonologist
   177 | D        | Noticed a kobold demonologist
   185 | D        | Killed a kobold demonologist
   186 | D        | Reached skill level 11 in Unarmed Combat
   189 | D        | Killed a kobold demonologist
   189 | D        | Reached **** piety under Trog
   190 | D        | Reached XP level 8. HP: 81/87 MP: 10/12
   203 | D        | Noticed a centaur warrior
   203 | D        | Noticed a centaur warrior
   214 | D        | Killed a centaur warrior
   215 | D        | Reached skill level 12 in Unarmed Combat
   227 | D        | Killed a centaur warrior
   228 | D        | Reached skill level 13 in Unarmed Combat
   228 | D        | Reached XP level 9. HP: 22/97 MP: 14/14
   296 | D        | Noticed a deep troll
   301 | D        | Killed a deep troll
   302 | D        | Reached skill level 14 in Unarmed Combat
   313 | D        | Found Eshiun's Armour Emporium.
   367 | D        | Paralysed by a hornet for 1 turns
   370 | D        | Reached ***** piety under Trog
   385 | D        | Noticed an oklob plant
   389 | D        | Killed an oklob plant
   437 | D        | Reached skill level 15 in Unarmed Combat
   449 | D        | Reached XP level 10. HP: 107/107 MP: 16/16
   452 | D        | Reached ****** piety under Trog
   453 | D        | Received a gift from Trog
   493 | D        | Reached skill level 10 in Invocations
   665 | D        | Received a gift from Trog
   684 | D        | Found Qisoc's Armour Shoppe.
   684 | D        | Found Edoalul's Antique Weapon Shop.
   684 | D        | Found Ytiosih's Weapon Boutique.
   690 | D        | Found Nasorris's Assorted Antiques.
   690 | D        | Found Zicsurch's General Store.
   690 | D        | Found Zenetaaph's Armour Emporium.
   713 | D        | Found Nusudeum's Jewellery Boutique.
   713 | D        | Found Eqophe's Magic Scroll Shoppe.
   713 | D        | Found Huewnu's Armour Shop.
   713 | D        | Found Faili's Weapon Emporium.
   713 | D        | Found Amerph's Assorted Antiques.
   713 | D        | Found Ciufod's Assorted Antiques.
   713 | D        | Found Jaosu's Assorted Antiques.
   716 | D        | Bought a scroll labelled JUDOAC WASONUWN for 22 gold pieces
   716 | D        | Bought a scroll labelled ASAIGI JIACWA for 22 gold pieces
   716 | D        | Bought a bubbling puce potion for 19 gold pieces
   716 | D        | Bought an emerald potion for 19 gold pieces
   717 | D        | Found Zaroafax's Armour Emporium.
   722 | D        | Bought a scroll labelled ZEOWYAR HYICZO for 26 gold pieces
   722 | D        | Bought a smoky brown potion for 23 gold pieces
   723 | D        | Bought a bubbling red potion for 17 gold pieces
   723 | D        | Bought a pink potion for 17 gold pieces
   723 | D        | Bought a scroll labelled ZEOWYAR HYICZO for 19 gold pieces
   724 | D        | Bought 2 white potions for 43 gold pieces
   724 | D        | Bought a scroll labelled OFYHAGGUEST for 24 gold pieces
   724 | D        | Bought a sedimented cyan potion for 21 gold pieces
   724 | D        | Bought a scroll labelled ASAIGI JIACWA for 24 gold pieces
   724 | D        | Bought a scroll labelled COBEUZYOTO for 24 gold pieces
   744 | D        | Bought a scroll of identify for 24 gold pieces
   744 | D        | Bought a scroll of identify for 24 gold pieces
   744 | D        | Bought a scroll of identify for 24 gold pieces
   747 | D        | Bought a scroll of identify for 20 gold pieces
   757 | D        | Identified a scroll of acquirement
   776 | D        | Bought the +4 skin of Zhor {*Englaciate rC+++ SInv} for 731
                  | gold pieces
   776 | D        | Found the +4 skin of Zhor {*Englaciate rC+++ SInv}
   810 | D        | Noticed Sonja
   826 | D        | HP: 3/109 [Sonja/+3 short sword of venom (6)]
   826 | D        | Slain by Sonja

Illustrated notes

Levels and vault maps discovered:
D:        dungeon_sprint_1 [red_sonja_temple_1, red_sonja_temple_small_1]

Skill      XL: |  1  2  3  4  5  6  7  8  9 10 |
---------------+-------------------------------+-----
Fighting       | 3 4 5 6 7 8 9 |  9.8
Dodging        | 3 4 5 6 7 8 9 |  9.8
Unarmed Combat | 4 6 8 10 11 13 15 | 15.7
Invocations    | 2 3 4 5 6 7 8 9 10 | 10.2

Action                     |  1- 3 |  4- 6 |  7- 9 | 10-12 || total
---------------------------+-------+-------+-------+-------++-------
  Melee: Unarmed           |     5 |    16 |    50 |    46 ||   117
         Punch             |       |       |     3 |     2 ||     5
  Evoke: Wand              |     1 |       |       |     1 ||     2
    Use: Potion            |       |       |     2 |     4 ||     6
         Scroll            |       |       |       |     6 ||     6
 Armour: Animal skin       |       |     2 |     5 |    22 ||    29
  Dodge: Dodged            |     1 |     3 |    19 |    20 ||    43
